 Dungeon Crawl Stone Soup version 0.30-b1-2-g02819fbbbe (webtiles) character file.

Game seed: 226861000652259539

9884 Arcadio the Thaumaturge (level 11, 0/54 HPs)
             Began as a Deep Elf Air Elementalist on May 17, 2023.
             Was a Priest of Sif Muna.
             Slain by a troll (3 damage)
             ... on level 1 of the Orcish Mines.
             The game lasted 00:43:23 (14478 turns).

Arcadio the Thaumaturge (DEAE)                     Turns: 14478, Time: 00:43:24

Health: 0/54       AC:  8    Str: 11    XL:     11   Next: 28%
Magic:  30/30      EV: 17    Int: 25    God:    Sif Muna [***...]
Gold:   427        SH:  0    Dex: 15    Spells: 23/36 levels left

rFire   . . .        w - +4 dagger
rCold   . . .        (no shield)
rNeg    . . .        i - +2 leather armour {rPois}
rPois   +            y - +0 helmet
rElec   .            q - +0 cloak
rCorr   .            (no gloves)
SInv    .            G - +0 pair of boots
Will    +....        A - amulet of faith
Stlth   ++           v - +6 ring of strength
HPRegen 0.29/turn    (no ring)
MPRegen 0.22/turn

%: faith
@: about to teleport
A: no striking features
a: Renounce Religion, Channel Magic, Forget Spell


You were on level 1 of the Orcish Mines.
You worshipped Sif Muna.
Sif Muna was most pleased with you.
You visited 3 branches of the dungeon, and saw 11 of its levels.

You collected 570 gold pieces.
You spent 143 gold pieces at shops.

Inventory:

Hand Weapons
 h - a +2 dagger of distortion
 w - a +4 dagger (weapon)
Missiles
 H - 4 throwing nets
Armour
 a - a +0 robe
 i - a +2 leather armour of poison resistance (worn)
 q - a +0 cloak (worn)
 y - a +0 helmet (worn)
 G - a +0 pair of boots (worn)
Jewellery
 v - a +6 ring of strength (left hand)
 A - an amulet of faith (around neck)
 I - a ring of fire
 K - an amulet of regeneration
 O - a ring of ice
Wands
 u - a wand of roots (7)
 x - a wand of paralysis (20)
 F - a wand of flame (14)
Scrolls
 d - a scroll of torment {unknown}
 j - 2 scrolls of immolation
 k - 4 scrolls of poison
 l - 3 scrolls of vulnerability
 p - a scroll of acquirement {unknown}
 z - a scroll of amnesia {unknown}
 B - a scroll of blinking {unknown}
 M - a scroll of summoning
Potions
 b - 4 potions of magic
 c - a potion of heal wounds
 f - 2 potions of haste
 g - 5 potions of curing
 m - 3 potions of brilliance
 n - a potion of flight {unknown}
 o - a potion of cancellation {unknown}
 s - a potion of invisibility {unknown}
 t - a potion of resistance {unknown}
 C - 2 potions of lignification {unknown}
 D - 2 potions of attraction {unknown}
 J - a potion of berserk rage {unknown}
 P - a potion of mutation {unknown}
Miscellaneous
 r - a lightning rod (4/4)
 E - a phantom mirror
 N - a condenser vane


   Skills:
 + Level 12.1 Dodging
 - Level 2.4 Stealth
 + Level 13.2 Spellcasting
 - Level 1.1 Conjurations
 - Level 3.9 Translocations
 + Level 10.5 Air Magic
 + Level 1.8 Invocations


You had 23 spell levels left.
You knew the following spells:

 Your Spells              Type           Power      Damage    Failure   Level
a - Shock                 Conj/Air       100%       1d9       1%          1
b - Static Discharge      Conj/Air       90%        2-6/arc   1%          2
c - Swiftness             Air            62%        N/A       1%          3
d - Airstrike             Air            31%        2d(5-21)  1%          4
e - Blink                 Tloc           72%        N/A       1%          2
f - Apportation           Tloc           72%        N/A       1%          1

Your spell library contained the following spells:

 Spells                   Type           Power      Damage    Failure   Level
 Lesser Beckoning         Tloc           72%        N/A       1%          2
 Momentum Strike          Conj/Tloc      58%        3d9       2%          2
 Necrotise                Necr           64%        1d7       4%          1
 Summon Small Mammal      Summ           64%        N/A       4%          1


Dungeon Overview and Level Annotations

Branches:
Dungeon (9/15) Zot: 23257  Temple (1/1) D:5 Zot: 5726     Orc (1/2) D:9 Zot: 5967
   Lair: D:8-11

Altars:
Ashenzari
Dithmenos
Elyvilon
Fedhas
Gozag
Hepliaklqana
Kikubaaqudgha
Makhleb
Nemelex Xobeh
Qazlal
Ru
Sif Muna
Trog
Uskayaw
Vehumet
Wu Jian
Xom
Yredelemnul
Zin
The Shining One

Shops:
D:2 [   D:3 !


Message History

There is a stone staircase leading up, spattered with blood here.
(D) Dungeon (T) Temple (O) Orcish Mines
Where to? (Enter - D:9, ? - help)
What level of the Orcish Mines? (default 1, ? - help)
There is a staircase to the Orcish Mines, spattered with blood here.
You climb downwards.
Welcome back to the Orcish Mines!
The orc barely misses you.
There is a staircase back to the Dungeon, spattered with blood here.
There are monsters nearby!
The orc priest shouts!
The orc barely misses you.
You climb upwards.
Welcome back to the Dungeon!
There is a staircase to the Orcish Mines, spattered with blood here.
You hit the orc.
The orc is moderately wounded.
The orc closely misses you.
You hit the orc.
You kill the orc!
Sif Muna accepts your kill.
You can now freely open your mind to new spells.
You climb downwards.
Welcome back to the Orcish Mines!
The orc shouts!
The troll bites you! The troll claws you! The troll claws you.
The orc warrior hits you but does no damage.
An orc comes into view. It is wielding a +0 hand axe.
The troll bites you! The troll closely misses you.
The troll claws you but does no damage.
The orc warrior hits you with a +0 mace.
The orc warrior hits you but does no damage.
The orc moves out of view.
There is a staircase back to the Dungeon, spattered with blood here.
Okay, then.
Okay, then.
Okay, then.
Unknown command.
As you read the scroll of teleportation, it crumbles to dust.
You feel strangely unstable. The troll bites you!
* * * LOW HITPOINT WARNING * * *
The troll claws you.
You die...

. .##.
.....
#...#
#.#.#
##o...#..
##o#......
#@o.#
##T.#
#.[o#
...O.#
#..O...
##o.$...
.......
#$.....


You could see a troll, 2 orc warriors, 2 ogres, an orc priest and 2 orcs.

Vanquished Creatures
  A hydra (D:9)
  2 two-headed ogres (D:9)
  A centaur warrior (D:9)
  A tengu warrior (D:9)
  A skeletal warrior (D:9)
  Pikel (D:6)
  A cyclops (D:9)
  An ugly thing (D:9)
  A gargoyle (D:9)
  A troll (D:9)
  5 yaks (D:9)
  Eustachio (D:6)
  Edmund (D:4)
  Duvessa (D:4)
  2 sky beasts
  3 orc warriors
  An ice beast (D:3)
  4 ogres
  2 black bears
  A centaur (D:9)
  2 kobold brigands (D:9)
  2 phantoms
  3 bullfrogs
  4 scorpions
  Dowan (D:4)
  5 wights
  3 killer bees (D:8)
  2 jellies
  A sleepcap (D:5)
  7 orc priests
  3 gnoll boudas
  2 hounds (D:5)
  Crazy Yiuf (D:2)
  An iguana (D:7)
  Jessica (D:2)
  Ijyb (D:4)
  11 orc wizards
  Natasha (twice) (D:2)
  19 gnolls
  10 adders
  A shadow imp (D:8)
  3 white imps
  2 ufetubi (D:6)
  2 worms
  2 dart slugs
  37 orcs
  3 bats
  4 endoplasms
  5 giant cockroaches
  8 hobgoblins
  7 jackals
  8 kobolds
  6 quokkas
  3 ball pythons
  2 frilled lizards (D:3)
  8 goblins
  8 rats
222 creatures vanquished.

Vanquished Creatures (collateral kills)
  Natasha (D:2)
1 creature vanquished.

Grand Total: 223 creatures vanquished

Notes
Turn   | Place    | Note
-------+----------+-------------------------------------------
     0 | D:1      | Arcadio the Deep Elf Air Elementalist began the quest for
                  | the Orb.
     0 | D:1      | Reached XP level 1. HP: 10/10 MP: 6/6
   367 | D:1      | Reached XP level 2. HP: 15/15 MP: 5/8
  1177 | D:2      | Noticed Natasha
  1196 | D:2      | Killed Natasha
  1197 | D:2      | Reached skill level 4 in Spellcasting
  1197 | D:2      | Reached XP level 3. HP: 3/19 MP: 0/10
  1321 | D:2      | Noticed Natasha
  1326 | D:2      | Killed Natasha
  1327 | D:2      | Reached XP level 4. HP: 15/24 MP: 6/12
  1372 | D:2      | Learned a level 2 spell: Static Discharge
  1376 | D:2      | Learned a level 3 spell: Swiftness
  1381 | D:2      | Learned a level 4 spell: Airstrike
  1613 | D:2      | Noticed Jessica
  1618 | D:2      | Killed Jessica
  1787 | D:2      | Found Riuppuc's Armour Emporium.
  1878 | D:2      | Noticed Natasha
  1886 | D:2      | Killed Natasha
  1887 | D:2      | Reached XP level 5. HP: 17/28 MP: 1/14
  1990 | D:2      | Found a runed translucent door.
  1990 | D:2      | Found the +6 shillelagh "Devastator" {shatter}
  1991 | D:2      | Noticed Crazy Yiuf
  2302 | D:2      | Killed Crazy Yiuf
  2303 | D:2      | Reached skill level 5 in Spellcasting
  2670 | D:3      | Found Teywk's Distillery.
  2694 | D:3      | Bought a potion of brilliance for 44 gold pieces
  2694 | D:3      | Bought a potion of heal wounds for 55 gold pieces
  2694 | D:3      | Bought a potion of curing for 33 gold pieces
  2694 | D:3      | Bought a potion of degeneration for 11 gold pieces
  2776 | D:3      | Noticed an ice beast
  2777 | D:3      | Killed an ice beast
  2778 | D:3      | Reached XP level 6. HP: 32/32 MP: 10/16
  3289 | D:3      | Reached skill level 5 in Dodging
  3306 | D:3      | Found a glowing golden altar of the Shining One.
  3450 | D:3      | Reached skill level 6 in Spellcasting
  3450 | D:3      | Reached skill level 5 in Air Magic
  3677 | D:4      | Noticed Dowan
  3677 | D:4      | Noticed Duvessa
  3709 | D:3      | Learned a level 2 spell: Blink
  3932 | D:4      | Noticed Edmund
  3935 | D:4      | Killed Edmund
  3936 | D:4      | Reached XP level 7. HP: 36/36 MP: 5/18
  4114 | D:4      | Killed Duvessa
  4288 | D:4      | Killed Dowan
  4289 | D:4      | Reached skill level 7 in Spellcasting
  4341 | D:4      | Noticed Ijyb
  4357 | D:4      | Paralysed by Ijyb for 5 turns
  4364 | D:4      | Killed Ijyb
  5148 | D:5      | Entered Level 5 of the Dungeon
  5228 | D:5      | Reached XP level 8. HP: 41/41 MP: 18/21
  5379 | D:5      | Reached skill level 8 in Spellcasting
  5687 | D:5      | Found a staircase to the Ecumenical Temple.
  5696 | Temple   | Entered the Ecumenical Temple
  5961 | Temple   | Became a worshipper of Sif Muna the Loreminder
  6361 | D:5      | HP: 2/41 [ogre/+0 giant club (34)]
  6526 | D:5      | Found an opulent altar of Gozag.
  6980 | D:6      | Found an ornate altar of the Wu Jian Council.
  7080 | D:6      | Noticed Pikel
  7085 | D:6      | Killed Pikel
  7086 | D:6      | Reached skill level 9 in Spellcasting
  7086 | D:6      | Reached XP level 9. HP: 45/45 MP: 16/24
  7463 | D:6      | Noticed Eustachio
  7466 | D:6      | Killed Eustachio
  7567 | D:6      | Found a basalt altar of Yredelemnul.
  8105 | D:7      | Reached skill level 10 in Spellcasting
  8604 | D:7      | Reached * piety under Sif Muna
  8741 | D:7      | Found a hide-covered altar of Uskayaw.
  9105 | D:7      | Found a broken altar of Ashenzari.
  9674 | D:8      | Reached skill level 1 in Translocations
  9850 | D:8      | Found a hazy altar of Hepliaklqana.
  9868 | D:8      | Found a sacrificial altar of Ru.
 10783 | D:9      | Reached ** piety under Sif Muna
 10992 | D:9      | Noticed a centaur warrior
 10992 | D:9      | Noticed a two-headed ogre
 11001 | D:9      | HP: 1/45 [centaur warrior/arrow (5)]
 11012 | D:9      | Killed a centaur warrior
 11013 | D:9      | Reached skill level 10 in Dodging
 11013 | D:9      | Reached skill level 11 in Spellcasting
 11013 | D:9      | Reached XP level 10. HP: 13/50 MP: 5/27
 11149 | D:9      | Found a staircase to the Orcish Mines.
 11214 | D:9      | Noticed a gargoyle
 11278 | D:9      | Found an ancient bone altar of Kikubaaqudgha.
 11335 | D:9      | Killed a two-headed ogre
 11338 | D:9      | Learned a level 1 spell: Apportation
 11392 | D:9      | Noticed a skeletal warrior
 11397 | D:9      | Noticed a cyclops
 11417 | D:9      | Killed a skeletal warrior
 11700 | D:9      | Noticed a purple ugly thing
 11702 | D:9      | Noticed a tengu warrior
 11722 | D:9      | Killed a purple ugly thing
 11723 | D:9      | Reached skill level 12 in Spellcasting
 11730 | D:9      | Killed a tengu warrior
 11767 | D:9      | Noticed a five-headed hydra
 12052 | D:9      | Killed a cyclops
 12053 | D:9      | Reached skill level 10 in Air Magic
 12177 | D:9      | Killed a five-headed hydra
 12352 | D:9      | Reached XP level 11. HP: 54/54 MP: 5/29
 12834 | D:9      | Noticed a two-headed ogre
 12838 | D:9      | Killed a two-headed ogre
 12839 | D:9      | Reached skill level 13 in Spellcasting
 12952 | D:9      | Reached skill level 1 in Invocations
 13287 | D:9      | Identified the staff of air "Sorchuajo" {rElec MP+9}
 13341 | D:9      | Found a stormy altar of Qazlal.
 13609 | Orc:1    | Entered Level 1 of the Orcish Mines
 14475 | D:9      | Reached *** piety under Sif Muna
 14478 | Orc:1    | Slain by a troll

Illustrated notes

Levels and vault maps discovered:
D:1:      reono_arrival_mine, layout_basic
D:2:      layout_loops_ring, serial_shops,
          nicolae_shop_temple_entry_statues_fountains, uniq_natasha,
          uniq_jessica, uniq_crazy_yiuf_cottage
D:3:      wad_pebble_path, layout_basic, mainiacjoe_overflow_surrounded_room,
          serial_shops, shop_coins
D:4:      layout_basic, uniq_duvessa, uniq_edmund, uniq_ijyb
D:5:      layout_cave_pods, grunt_gozag_breadcrumbs, minmay_temple_entry_trees
D:6:      layout_layer_cave, nicolae_overflow_crystal_walls,
          kennysheep_mini_moat, uniq_eustachio, uniq_pikel
D:7:      layout_loops_corners, nicolae_uskayaw_dance_hall,
          mainiacjoe_overflow_24_doors
D:8:      layout_gridville, nicolae_hepliaklqana_hazy_memory,
          nicolae_ru_the_path_less_chosen, minivault_21,
          nicolae_figureground_sparkle
D:9:      minmay_cut_squares, layout_cave_pods, mainiacjoe_overflow_chevrons,
          kennysheep_mini
Temple:   dpeg_chambers_temple
Orc:1:    layout_caves, serial_shops, nicolae_shop_pleasant_corner_grove,
          mines5_lemuel

Skill      XL: |  1  2  3  4  5  6  7  8  9 10 11 |
---------------+----------------------------------+-----
Dodging        | 3 4 5 6 8 10 11 12 | 12.1
Spellcasting   | 4 5 6 7 9 11 12 13 | 13.2
Air Magic      | 4 5 6 7 8 10 | 10.5
Translocations | 3 |  3.9
Invocations    | 1 |  1.8
Stealth        | |  2.4
Conjurations   | |  1.1

Action                     |  1- 3 |  4- 6 |  7- 9 | 10-12 || total
---------------------------+-------+-------+-------+-------++-------
  Melee: Dagger            |       |    10 |       |     4 ||    14
   Cast: Shock             |    55 |    83 |   258 |    46 ||   442
         Static Discharge  |       |    15 |    32 |     6 ||    53
         Airstrike         |       |     7 |    23 |    61 ||    91
         Blink             |       |       |     2 |     1 ||     3
         Swiftness         |       |       |     2 |     3 ||     5
  Evoke: Wand              |       |       |       |     4 ||     4
    Use: Scroll            |     1 |     1 |     4 |     4 ||    10
         Potion            |       |     1 |     3 |       ||     4
 Armour: Robe              |       |     9 |     2 |     7 ||    18
         Leather armour    |       |       |       |     3 ||     3
  Dodge: Dodged            |     4 |    20 |    25 |    24 ||    73
